Map: Rhoskallian LE

Players

IronFalcon - Winner!

  • Race: Zerg Zerg
  • Spawn Location: 11:00

VdooǂArc - Winner!

  • Race: Protoss Protoss
  • League: Platinum
  • Spawn Location: 12:00

qqq

  • Race: Zerg Zerg
  • League: Platinum
  • Spawn Location: 5:00

Massa

  • Race: Terran Terran
  • League: Gold
  • Spawn Location: 6:00

VOD

Have the link to the VOD?

Description

Time

  • Played on: May 31, 2020, 5:53 a.m.
  • Length: 11:50
Show
View Real Time Build Order
Export as new Build Order

IronFalcon Zerg - Winner!

Build Orders: Hatch First 

Get SALT Encoding   

  12  0:01  Drone  
  13  0:12  Overlord  
  13  0:22  Drone  
  14  0:31  Drone  
  14  0:33  Drone  
  16  0:37  Drone  
  17  0:56  Hatchery  
  16  0:59  Drone  
  17  1:05  Drone, Extractor  
  17  1:09  Drone  
  18  1:22  Spawning Pool  
  18  1:24  Drone  
  18  1:30  Drone  
  19  1:39  Drone  
  20  1:53  Drone  
  21  2:03  Overlord  
  21  2:12  Queen  
  21  2:13  Queen  
  21  2:15  Zergling x4  
  27  2:17  Metabolic Boost  
  27  2:22  Overlord  
  27  2:40  Roach Warren  
  27  2:42  Drone, Zergling x4  
  29  2:54  Drone  
  29  2:55  Drone x3  
  33  3:24  Drone x8  
  40  3:45  Lair  
  40  3:47  Pneumatized Carapace  
  40  3:55  Evolution Chamber  
  39  3:57  Drone x4  
  43  4:03  Overlord  
  43  4:04  Overlord  
  43  4:15  Spine Crawler  
  42  4:17  Spine Crawler, Roach  
  42  4:22  Zerg Missile Weapons Level 1  
  43  4:33  Drone x6  
  49  4:39  Extractor  
  49  4:45  Hydralisk Den  
  47  4:53  Roach  
  47  4:56  Extractor  
  48  5:06  Roach  
  50  5:25  Roach x2  
  50  5:26  Roach x2  
  50  5:27  Overlord x3  
  58  5:37  Overseer  
  58  5:40  Hatchery  
  58  5:42  Hydralisk  
  57  5:48  Extractor  
  58  5:51  Drone  
  58  5:52  Drone x3  
  58  5:54  Zergling x2  
  58  5:55  Zergling x4  
  65  6:01  Overlord x2  
  65  6:19  Spine Crawler  
  65  6:20  Spine Crawler  
  65  6:23  Zergling x2  
  65  6:24  Zergling x2  
  65  6:28  Hydralisk  
  65  6:29  Hydralisk  
  65  6:32  Lurker Den  
  68  6:36  Spore Crawler  
  68  6:38  Drone  
  68  6:39  Drone x6  
  74  6:44  Zerg Missile Weapons Level 2  
  74  6:49  Evolution Chamber  
  73  6:55  Drone  
  73  6:56  Drone x2, Queen  
  73  6:58  Queen  
  80  7:02  Zergling x4  
  82  7:19  Grooved Spines  
  82  7:20  Hydralisk  
  82  7:21  Hydralisk x7  
  98  7:29  Spore Crawler  
  97  7:42  Hydralisk  
  97  7:43  Hydralisk x3  
  105  7:44  Drone  
  105  7:45  Overlord x2  
  106  8:06  Zerg Ground Armor Level 1  
  106  8:07  Hydralisk x5  
  116  8:22  Hydralisk x3  
  122  8:31  Extractor  
  122  8:32  Extractor  
  122  8:34  Drone x2, Overlord  
  121  8:35  Overlord x2  
  122  8:43  Infestation Pit  
  122  8:44  Muscular Augments  
  121  8:52  Lurker  
  121  8:55  Lurker  
  117  9:22  Hydralisk  
  117  9:23  Hydralisk x5  
  125  9:32  Lurker  
  125  9:36  Drone x9  
  135  9:53  Hydralisk  
  135  9:54  Hydralisk x4  
  135  9:57  Overlord x3  
  145  10:18  Zergling x2  
  145  10:19  Zergling x20  
  144  10:39  Hydralisk  
  144  10:40  Hydralisk x9  
  151  10:50  Zergling x2  
  151  10:51  Zergling x8  
  156  11:06  Hydralisk x2  
  156  11:09  Hatchery  
Show
View Real Time Build Order
Export as new Build Order

VdooǂArc Protoss - Winner!

Build Orders:  

Get SALT Encoding   

  12  0:00  Probe  
  13  0:13  Probe  
  14  0:19  Pylon  
  14  0:25  Probe  
  15  0:38  Gateway  
  15  0:39  Probe  
  16  0:46  Assimilator  
  16  0:52  Probe (Chrono Boost)  
  17  1:01  Probe (Chrono Boost)  
  18  1:06  Probe (Chrono Boost)  
  19  1:18  Probe  
  20  1:26  Cybernetics Core  
  20  1:52  Probe  
  21  1:55  Nexus  
  21  2:04  Probe  
  21  2:05  Warp Gate  
  21  2:08  Pylon  
  22  2:12  Gateway  
  21  2:18  Assimilator  
  21  2:20  Probe  
  22  2:24  Sentry (Chrono Boost)  
  24  2:33  Probe  
  25  2:42  Gateway  
  25  2:45  Probe  
  25  2:46  Stalker (Chrono Boost)  
  28  3:02  Zealot (Chrono Boost)  
  29  3:15  Probe  
  30  3:27  Probe  
  30  3:31  Twilight Council  
  31  3:37  Probe, Pylon  
  31  3:39  Probe  
  33  3:45  Pylon  
  33  3:49  Probe  
  33  3:51  Probe  
  33  3:52  Pylon  
  35  4:02  Probe  
  36  4:03  Probe  
  37  4:11  Stalker x2  
  37  4:14  Probe  
  37  4:15  Probe  
  37  4:16  Zealot  
  45  4:21  Blink (Chrono Boost)  
  45  4:32  Gateway  
  45  4:35  Stalker  
  45  4:38  Stalker  
  49  4:45  Gateway  
  49  4:54  Robotics Facility  
  49  4:55  Probe  
  49  4:57  Stalker  
  52  5:01  Stalker  
  52  5:06  Probe  
  55  5:09  Stalker  
  57  5:15  Probe  
  58  5:21  Assimilator  
  58  5:22  Probe  
  58  5:25  Assimilator  
  58  5:27  Stalker x2  
  63  5:39  Probe  
  63  5:40  Probe  
  65  5:51  Probe  
  65  5:52  Probe  
  65  5:55  Stalker  
  69  5:58  Pylon  
  69  6:09  Pylon  
  69  6:14  Observer  
  69  6:16  Forge  
  69  6:17  Zealot x2  
  74  6:18  Nexus  
  74  6:29  Shield Battery  
  74  6:33  Probe x2  
  74  6:39  Stalker x2  
  80  6:42  Stalker  
  80  6:45  Stalker  
  80  6:46  Protoss Ground Weapons Level 1 (Chrono Boost)  
  84  6:59  Warp Prism  
  86  7:15  Pylon  
  86  7:20  Photon Cannon  
  86  7:22  Shield Battery  
  86  7:26  Photon Cannon  
  86  7:30  Probe x2, Charge  
  86  7:34  Probe  
  89  7:42  Probe x2  
  91  8:03  Probe x3  
  94  8:07  Pylon  
  94  8:11  Assimilator  
  94  8:15  Probe x2  
  94  8:16  Assimilator  
  94  8:19  Templar Archives  
  96  8:20  Probe  
  96  8:22  Photon Cannon  
  97  8:27  Probe x2  
  97  8:28  Photon Cannon  
  97  8:29  Photon Cannon  
  97  8:30  Gateway  
  97  8:33  Gateway  
  99  8:34  Gateway  
  99  8:41  Zealot x3  
  103  8:47  Zealot  
  107  9:00  Pylon  
  107  9:05  Gateway  
  107  9:11  Shield Battery  
  107  9:20  Stalker x2  
  107  9:21  Stalker x3  
  102  9:40  Probe x3  
  105  9:52  Probe x3  
  107  9:56  Immortal  
  112  10:04  Robotics Facility  
  112  10:10  Probe x2  
  112  10:14  High Templar x5  
  118  10:18  Archon x2  
  122  10:22  Probe  
  97  10:40  Zealot x4  
  101  10:57  High Templar x5  
  101  11:01  Archon x2  
  101  11:04  Immortal  
  115  11:07  Immortal  
  119  11:18  Zealot x3  
  125  11:30  Probe, Pylon  
  125  11:33  Pylon  
  125  11:36  Pylon  
  125  11:39  Pylon  
  125  11:41  Pylon  
  125  11:49  Pylon  
Show
View Real Time Build Order
Export as new Build Order

qqq Zerg 

Build Orders: Hatch First 

Get SALT Encoding   

  12  0:02  Drone  
  13  0:09  Drone  
  14  0:43  Hatchery  
  13  0:55  Spawning Pool  
  13  0:56  Extractor  
  11  1:01  Drone  
  12  1:08  Overlord  
  12  1:19  Drone  
  13  1:27  Drone  
  13  1:28  Overlord  
  14  1:46  Queen  
  16  1:55  Zergling x2  
  17  2:03  Evolution Chamber  
  16  2:10  Drone  
  16  2:11  Drone  
  16  2:13  Drone  
  20  2:22  Drone  
  20  2:24  Drone  
  21  2:38  Zerg Ground Armor Level 1  
  21  2:41  Drone  
  22  2:45  Drone  
  22  2:51  Zergling x2  
  24  3:01  Roach Warren  
  24  3:05  Drone  
  24  3:13  Lair  
  24  3:16  Drone  
  24  3:19  Drone  
  26  3:23  Drone  
  26  3:26  Zergling x2  
  28  3:34  Drone  
  28  3:35  Zergling x2  
  28  3:37  Overlord  
  30  3:42  Roach  
  30  3:48  Roach  
  34  3:50  Roach  
  34  3:55  Overlord  
  36  4:07  Drone, Extractor  
  37  4:10  Drone  
  37  4:11  Roach  
  37  4:12  Drone  
  40  4:24  Drone  
  40  4:25  Drone x2  
  43  4:35  Zergling x4  
  45  4:39  Zergling x4, Overlord  
  45  4:42  Drone x2  
  49  4:48  Zerg Ground Armor Level 2  
  49  4:56  Drone  
  50  5:06  Drone x2  
  52  5:08  Drone  
  52  5:09  Infestation Pit  
  52  5:19  Zergling x2  
  52  5:20  Zergling x4  
  55  5:21  Drone x2  
  55  5:24  Extractor  
  55  5:25  Glial Reconstitution  
  56  5:32  Drone  
  57  5:36  Roach  
  57  5:40  Drone  
  60  5:44  Overlord  
  60  5:53  Extractor, Drone  
  60  5:54  Overlord x3  
  60  5:55  Overlord  
  60  6:02  Queen, Hive  
  62  6:05  Drone  
  62  6:08  Drone  
  64  6:16  Roach  
  66  6:25  Drone  
  66  6:26  Drone  
  68  6:33  Metabolic Boost  
  68  6:46  Roach  
  68  6:47  Roach x2  
  74  6:48  Drone x2  
  74  6:52  Overlord  
  74  6:53  Roach x2  
  80  6:55  Hatchery  
  79  7:14  Evolution Chamber, Zerg Ground Armor Level 3  
  78  7:20  Zergling x2  
  78  7:21  Zergling x2, Roach  
  78  7:22  Roach x2  
  86  7:23  Drone, Ultralisk Cavern  
  86  7:24  Drone  
  87  7:56  Roach x3  
  87  7:58  Drone x3  
  94  8:02  Zerg Melee Weapons Level 1  
  94  8:13  Roach  
  94  8:15  Ultralisk x2  
  108  8:26  Anabolic Synthesis  
  108  8:47  Spore Crawler  
  108  8:48  Drone x3  
  108  8:51  Queen  
  112  8:58  Hatchery  
  111  9:04  Overlord  
  111  9:05  Overlord x2  
  111  9:09  Chitinous Plating  
  111  9:13  Hatchery  
  110  9:20  Overlord x2  
  110  9:21  Overlord x3  
  109  9:31  Ultralisk  
  109  9:34  Drone x2  
  109  9:35  Drone  
  117  9:50  Ultralisk  
  117  9:51  Zergling x4  
  117  9:52  Drone  
  124  10:05  Ultralisk  
  124  10:07  Drone x2  
  132  10:08  Drone  
  119  10:32  Ultralisk x2  
  119  10:34  Roach x3  
  119  10:35  Drone  
  125  10:36  Drone  
  98  10:46  Drone  
  98  10:47  Drone  
  98  10:48  Drone x5  
  103  11:02  Ultralisk  
  103  11:03  Zergling x4, Roach  
  103  11:04  Roach  
  112  11:08  Drone x3  
  93  11:23  Zergling x4  
  93  11:24  Drone x2  
  93  11:25  Drone x2  
Show
View Real Time Build Order
Export as new Build Order

Massa Terran 

Build Orders:  

Get SALT Encoding   

  12  0:15  Supply Depot  
  12  0:16  SCV  
  13  0:28  SCV  
  14  0:38  Barracks  
  14  0:40  SCV  
  15  0:52  SCV  
  15  0:54  Refinery  
  16  1:04  SCV  
  17  1:16  SCV  
  18  1:25  Refinery  
  18  1:28  SCV  
  19  1:37  Marine  
  20  1:41  SCV  
  21  1:53  SCV  
  22  2:01  Barracks  
  22  2:06  Orbital Command  
  22  2:21  Factory  
  22  2:30  Supply Depot  
  22  2:46  Marine  
  23  2:57  Command Center  
  23  3:03  Marine  
  23  3:04  Marine  
  25  3:15  Factory Tech Lab  
  26  3:20  SCV  
  26  3:26  Starport  
  26  3:32  SCV  
  27  3:41  Siege Tank  
  30  3:46  Supply Depot  
  30  3:56  SCV  
  31  4:05  Engineering Bay  
  31  4:07  Medivac  
  31  4:08  SCV  
  34  4:15  SCV, Supply Depot  
  35  4:20  SCV  
  36  4:26  Barracks Tech Lab  
  36  4:28  SCV  
  37  4:33  SCV  
  38  4:40  SCV  
  38  4:44  Siege Tank  
  44  4:45  Marauder  
  44  4:46  Marine  
  44  4:52  Terran Infantry Weapons Level 1  
  45  5:02  Missile Turret  
  47  5:07  Marauder  
  47  5:18  Barracks Reactor  
  47  5:21  SCV  
  47  5:24  Orbital Command  
  50  5:28  Marauder  
  50  5:33  SCV, Engineering Bay  
  51  5:37  Medivac  
  51  5:38  Armory  
  55  5:50  Marauder  
  55  5:51  SCV x2  
  55  5:54  Missile Turret  
  57  6:07  Medivac  
  57  6:10  Marine  
  57  6:11  Marine x2  
  61  6:15  Combat Shield  
  62  6:30  Refinery  
  62  6:34  Supply Depot  
  62  6:37  Supply Depot  
  62  6:41  Supply Depot  
  62  6:46  Missile Turret  
  62  6:55  Marine x2, Viking  
  62  6:57  Supply Depot  
  62  6:58  Missile Turret  
  66  7:01  Missile Turret  
  66  7:09  Missile Turret  
  66  7:13  Marine  
  67  7:19  SCV  
  67  7:20  SCV  
  69  7:24  Command Center  
  69  7:30  Marauder, Missile Turret  
  69  7:31  SCV  
  69  7:32  SCV  
  69  7:33  Terran Vehicle Weapons Level 1  
  69  7:34  Stimpack  
  73  7:37  Terran Infantry Armor Level 1  
  73  7:43  Terran Infantry Weapons Level 2  
  73  7:51  Marauder  
  73  7:54  Missile Turret  
  73  7:55  Thor  
  81  8:44  SCV x2  
  83  8:49  Marauder, Marine x2  
  87  8:56  SCV x2  
  87  8:57  Thor  
  95  9:07  Marine x2  
  95  9:08  SCV  
  95  9:09  SCV  
  97  9:10  Marauder  
  97  9:14  Concussive Shells  
  97  9:20  SCV  
  97  9:21  SCV  
  98  9:25  Marine x2  
  96  9:31  Marine  
  96  9:32  SCV  
  96  9:33  SCV  
  84  9:39  Thor  
  84  9:42  Marine, Medivac  
  84  9:43  Marine  
  94  9:49  Marine  
  94  9:52  Barracks  
  95  10:00  Marine  
  95  10:01  Marine  
  97  10:07  Marine  
  97  10:10  Missile Turret  
  97  10:12  Missile Turret, Medivac  
  97  10:13  Planetary Fortress  
  100  10:18  Marine  
  101  10:23  Marine  
  101  10:25  Marauder  
  93  10:36  Marine  
  93  10:39  Barracks  
  93  10:41  Marine  
  66  10:47  Marauder  
  61  10:53  Liberator  
  61  10:54  Marine  
  65  10:59  Marine  
  65  11:00  Refinery  
  66  11:06  Factory  
  66  11:08  Marauder  
  68  11:12  Marine  
  68  11:14  Marine  
  68  11:17  Marine  
  69  11:20  Missile Turret  
  68  11:28  Refinery  
  68  11:29  Marine  
  52  11:44  Barracks Reactor  
Tags
 
Add a new tag
Caveats
  • Supply blocks, unpowered buildings, or Contaminate may cause inaccurate times.
  • Supply counts are checked every 10 seconds.